Zazza, neutral female human Tourist ----------- ------- ------ |.........| ....... |.....# |.........| |.>...| #.....|# |.........| #|{....| #------# |.........| ------ ##-.....| # # -.--------- ##.....|####|.....| # # # # |....|### |.....| # # # ### |....|# -|---|- # # # # |....|# # # # # # # ### |.....############# ############## # # |....|# # # #------.----- ## ### ------# ##d@f # |..........| -|--------- # # #---.--# |..........| |..........#### #|....|# |..........| |.........| #|.....# |..........| |......<..| #|....| |..........| ----------- #.....| ------------ ------ Zazza the Rambler Experience level: 1 Strength: 10 Dexterity: 11 Constitution: 17 Intelligence: 14 Wisdom: 8 Charisma: 18 Health: 0(10) Energy: 2(2) Def: 0 Gold: 1196 Moves: 1857 Dungeon seed: bgc6SeWUUgRf_0yk Game ID: Zazza_1599491164 Your Inventory: Coins $ - 1196 gold pieces Weapons a - 24 +2 darts s - the +0 Dragonbane u - a cursed -3 elven bow Comestibles b - 2 uncursed food rations c - 4 uncursed slime molds f - an uncursed carrot h - 3 uncursed tripe rations Scrolls l - 3 uncursed scrolls of magic mapping m - a blessed scroll of magic mapping t - a cursed scroll of fire Potions j - an uncursed potion of extra healing k - a blessed potion of extra healing Tools n - an expensive camera (0:53) o - an uncursed credit card r - an uncursed lock pick Gems e - an uncursed worthless piece of green glass q - 2 uncursed worthless pieces of white glass y - an uncursed worthless piece of red glass Spells and supernatural/magical abilities: Name Level Category Fail Memory W - pray for help -- divine ? -- Your skills at the end: Fighting Skills Weapon Skills dart [Basic] Spellcasting Skills Final Attributes: You were nominally aligned. You are dead. Vanquished creatures: a shrieker an acid blob 2 coyotes a brown mold a green mold 2 geckos a fox a kobold 2 sewer rats 6 grid bugs 2 lichens a kobold zombie 3 newts 24 creatures vanquished. Voluntary challenges: You used a wielded weapon 4 times, starting on turn 730. You read items or engraved 1 time, starting on turn 15. You never genocided any monsters. You never polymorphed an object. You never changed form. You used no wishes. You never split a pudding. You never wrote Elbereth's name. You never violated your personal moral code. Dungeon overview: The Dungeons of Doom: levels 1 to 5 Level 1 some fountains a long staircase Level 2 some altars to Blind Io and Offler, a fountain a long staircase Level 3 some fountains Level 4 some fountains, a sink Level 5 <- You were here a fountain History has recorded: On T:1 you entered the Dungeons of Doom to retrieve the Amulet of Yendor! On T:410 you reached level 2 of The Dungeons of Doom. On T:544 you reached level 4 of The Dungeons of Doom. On T:583 you reached level 3 of The Dungeons of Doom. On T:1578 you reached level 5 of The Dungeons of Doom. Score breakdown: Gold: 603 ( 9460 points) Experience: 1 level ( 0 points) Exploration: 5 levels ( 10.64%) ( 8846 points) Discoveries: 1 item ( 0.34%) ( 1737 points) Valuables value: (no points given unless you survive) Artifact value: 500 ( 9183 points) Variety of kills: 13 monsters ( 3.41%) ( 5541 points) Turncount: 1857 turns ( 0 points) Survival: died (score multiplied by 80%) Total score: 27813 Latest messages: Armand bites the brown mold. You kill the brown mold! You displace Armand. a - a +2 dart. You stop. Armand is in the way! You displace Armand. You see here a runed bow. u - a runed bow. You feel worried about Armand. Blecch! Rotten food! Everything suddenly goes dark. You finish eating the food ration. Where do you want to travel to? You hear water falling on coins. You can see again. You stop travelling. You miss the fox. The fox bites! (3x) You stop. Armand is in the way! The fox bites! You die... Final status: Aloha Zazza the Tourist, killed by a fox... You died in The Dungeons of Doom on dungeon level 5 with 27813 points, and 1196 pieces of gold, after 1857 moves. You were level 1 with a maximum of 10 hit points when you died.